Map: Curious Minds LE

Players

ElCascador

  • Race: Zerg Zerg
  • League: Diamond

DefloN - Winner!

  • Race: Terran Terran
  • League: Diamond

VOD

Have the link to the VOD?

Description

ZvT with failed initial nydus. Terran goes mech.

Time

  • Played on: March 29, 2022, 9:21 a.m.
  • Length: 19:49
Show
View Real Time Build Order
Export as new Build Order

ElCascador Zerg 

Build Orders: Hatch First, Roach Nydus 

Get SALT Encoding   

  12  0:00  Drone  
  13  0:12  Overlord  
  13  0:17  Drone  
  14  0:31  Drone x2  
  16  0:48  Hatchery  
  15  0:53  Drone  
  15  0:55  Drone  
  17  0:58  Drone  
  18  1:14  Spawning Pool  
  18  1:17  Extractor, Drone  
  17  1:20  Drone  
  18  1:31  Drone  
  19  1:38  Drone  
  20  1:49  Overlord  
  20  2:01  Zergling x2  
  20  2:02  Zergling x2, Queen x2  
  26  2:16  Drone x2  
  28  2:33  Drone  
  28  2:34  Drone  
  28  2:35  Drone  
  30  2:47  Queen  
  30  2:49  Lair  
  32  2:53  Overlord, Drone  
  33  2:59  Drone x2  
  35  3:15  Drone x6  
  35  3:19  Extractor  
  40  3:20  Drone  
  40  3:21  Extractor  
  40  3:23  Queen  
  42  3:35  Overlord x2  
  42  3:44  Roach Warren  
  42  3:47  Nydus Network  
  40  3:54  Drone x8  
  48  4:10  Overlord  
  48  4:23  Roach x5  
  58  4:31  Nydus Canal  
  58  4:53  Nydus Canal  
  58  4:56  Drone x5  
  58  4:57  Queen x2  
  58  4:58  Roach  
  58  4:59  Roach  
  65  5:17  Nydus Canal  
  65  5:20  Roach x3  
  63  5:38  Drone x3  
  64  5:51  Drone x2  
  66  6:01  Drone  
  47  6:31  Roach x3  
  47  6:32  Roach x2  
  53  6:47  Drone x3  
  56  7:00  Drone x2  
  58  7:05  Roach  
  58  7:06  Roach  
  58  7:07  Queen x2  
  66  7:12  Spore Crawler  
  66  7:14  Overseer  
  65  7:17  Hatchery  
  65  7:19  Hydralisk Den, Overlord x3  
  63  7:22  Hatchery  
  63  7:29  Spore Crawler  
  61  7:40  Drone  
  62  7:46  Overlord x2  
  62  7:51  Roach x3  
  68  7:53  Ravager x8  
  77  7:58  Drone x2  
  77  7:59  Extractor  
  77  8:02  Queen x2  
  81  8:19  Drone x6  
  88  8:20  Drone  
  88  8:26  Glial Reconstitution  
  88  8:30  Grooved Spines  
  88  8:35  Drone x7  
  88  8:38  Overlord  
  95  8:45  Metabolic Boost  
  97  8:48  Roach x2  
  97  8:49  Roach  
  101  8:59  Zergling x2  
  101  9:00  Zergling x12  
  108  9:11  Overlord x3  
  99  9:38  Roach x10  
  102  9:41  Muscular Augments  
  102  9:50  Drone x6  
  108  9:58  Hydralisk, Baneling Nest  
  109  10:12  Drone x6  
  109  10:13  Drone x2  
  117  10:25  Overlord x2  
  117  10:26  Overlord  
  117  10:27  Spine Crawler  
  116  10:29  Ravager x3  
  116  10:30  Ravager  
  116  10:58  Hydralisk  
  116  10:59  Hydralisk x9  
  136  11:09  Evolution Chamber  
  136  11:10  Evolution Chamber  
  134  11:17  Zergling x2  
  134  11:18  Zergling x20  
  141  11:29  Drone  
  141  11:30  Drone x7  
  141  11:32  Extractor  
  148  11:33  Extractor  
  148  11:35  Zergling x2  
  148  11:41  Baneling x3  
  148  11:42  Centrifugal Hooks, Baneling x3  
  148  11:55  Zerg Missile Weapons Level 1  
  148  11:57  Zerg Melee Weapons Level 1  
  148  12:04  Overlord x4  
  148  12:08  Drone x4  
  151  12:35  Drone x5  
  151  12:36  Drone x9  
  165  12:46  Infestation Pit  
  165  12:50  Overlord x5  
  164  12:56  Extractor  
  164  12:57  Extractor  
  153  13:23  Roach  
  153  13:24  Roach x21  
  150  14:19  Hydralisk x13  
  150  14:20  Hydralisk x3  
  170  14:25  Hive  
  139  14:38  Roach x6  
  139  14:39  Roach x2  
  153  14:47  Roach x4  
  161  15:03  Zerg Melee Weapons Level 2  
  161  15:05  Zerg Ground Armor Level 1  
  163  15:07  Roach x13  
  181  15:18  Hatchery  
  178  15:24  Roach x8  
  190  15:47  Drone x10  
  194  15:58  Lurker Den  
  193  16:16  Zergling x14  
  193  16:17  Extractor  
  199  16:18  Extractor  
  198  16:29  Ultralisk Cavern  
  197  16:38  Ravager x3  
  200  16:52  Baneling x11  
  200  16:53  Baneling x3  
  175  17:27  Adaptive Talons  
  173  17:35  Lurker x3  
  173  17:36  Lurker x11  
  187  17:50  Roach x7  
  187  17:51  Roach x3  
  180  17:59  Hydralisk x7  
  180  18:00  Hydralisk x3  
  191  18:24  Seismic Spines, Roach x9  
  179  18:47  Roach  
  179  18:48  Roach x11  
  100  19:10  Roach x5  
  100  19:11  Roach x6  
  119  19:20  Hydralisk  
  81  19:42  Hatchery  
Show
View Real Time Build Order
Export as new Build Order

DefloN Terran - Winner!

Build Orders: Reaper Expand, Mech 

Get SALT Encoding   

  12  0:07  SCV  
  13  0:14  Supply Depot  
  13  0:19  SCV  
  14  0:32  SCV  
  15  0:39  Barracks  
  15  0:44  SCV  
  15  0:46  Refinery  
  16  0:56  SCV  
  17  1:08  SCV  
  18  1:25  Orbital Command  
  18  1:30  Reaper  
  19  1:39  Command Center  
  19  1:50  SCV  
  20  1:59  Supply Depot  
  20  2:02  Marine  
  20  2:03  SCV  
  22  2:15  Factory, SCV  
  23  2:24  Barracks Reactor  
  23  2:27  SCV  
  24  2:44  SCV  
  25  2:56  SCV  
  26  3:07  Engineering Bay  
  26  3:09  Orbital Command  
  26  3:10  SCV  
  31  3:12  Hellion  
  31  3:13  Hellion  
  31  3:15  Refinery  
  31  3:23  SCV  
  32  3:28  Command Center  
  32  3:35  SCV  
  32  3:37  SCV  
  34  3:45  Factory  
  34  3:47  SCV  
  35  3:49  SCV  
  35  3:50  Refinery x2  
  36  3:56  Hellion x2  
  36  3:59  SCV  
  36  4:01  Starport  
  41  4:06  SCV  
  42  4:11  SCV  
  43  4:17  Supply Depot  
  43  4:20  Supply Depot  
  43  4:32  Factory  
  43  4:39  Factory Tech Lab  
  39  5:02  SCV  
  39  5:03  SCV x2  
  39  5:15  SCV x2  
  35  5:22  Siege Tank  
  35  5:23  Hellion x2  
  39  5:36  Starport Tech Lab  
  39  5:56  Banshee  
  42  5:57  Siege Tank  
  45  6:04  SCV  
  37  6:28  SCV x2  
  37  6:30  Siege Tank  
  38  6:40  SCV  
  39  6:50  Viking  
  41  6:54  SCV  
  41  6:55  Orbital Command  
  42  7:06  Supply Depot, Factory Tech Lab, SCV  
  43  7:11  Supply Depot  
  43  7:19  SCV  
  44  7:27  Planetary Fortress  
  44  7:31  SCV  
  45  7:40  Refinery  
  45  7:43  SCV x2  
  47  7:48  Factory Tech Lab  
  47  7:55  SCV x2  
  49  8:04  Command Center  
  49  8:07  SCV  
  49  8:08  SCV  
  49  8:10  SCV  
  52  8:19  SCV  
  53  8:20  SCV  
  53  8:22  SCV  
  55  8:29  Missile Turret  
  55  8:32  SCV x2  
  57  8:35  SCV  
  57  8:39  Cyclone x2  
  57  8:40  Cyclone  
  57  8:41  Mag-Field Accelerator  
  67  8:42  Armory  
  67  8:44  SCV x2  
  67  8:47  SCV  
  70  8:50  Missile Turret  
  70  8:51  Missile Turret  
  70  8:54  Missile Turret  
  70  8:55  Neosteel Armor  
  70  8:56  SCV  
  71  9:05  Factory  
  71  9:11  Refinery x2, SCV x3  
  74  9:23  SCV  
  69  9:46  Cyclone x3  
  69  9:49  Hellbat x2, SCV x2  
  69  9:50  SCV  
  85  10:01  SCV x2  
  85  10:02  SCV  
  85  10:03  Sensor Tower  
  85  10:04  Hellion  
  85  10:05  Hellion, Terran Vehicle Weapons Level 1  
  88  10:13  SCV  
  88  10:14  SCV x2  
  91  10:18  Cyclone  
  94  10:26  Infernal Pre-Igniter  
  94  10:32  Planetary Fortress  
  94  10:35  SCV x3  
  97  10:47  SCV x3  
  97  10:48  Command Center  
  100  10:59  SCV  
  101  11:26  SCV x3  
  101  11:29  Refinery  
  101  11:30  Refinery, SCV  
  105  11:34  Factory, Hellbat  
  105  11:35  Factory  
  105  11:36  Factory  
  105  11:38  Supply Depot x2, SCV  
  108  11:41  Supply Depot  
  108  11:59  Terran Vehicle Weapons Level 2  
  108  12:00  Hellbat x5  
  118  12:03  Supply Depot  
  118  12:04  Missile Turret, Supply Depot, Planetary Fortress  
  118  12:07  Supply Depot  
  118  12:15  SCV x2  
  120  12:25  SCV x2  
  120  12:26  Missile Turret  
  120  12:28  Factory Reactor  
  120  12:29  Factory Reactor, Factory Tech Lab  
  122  12:31  Supply Depot  
  122  12:33  Supply Depot  
  126  12:37  Hellbat x5  
  132  12:47  Missile Turret  
  134  12:58  Siege Tank x2, Hellbat  
  134  12:59  Siege Tank  
  138  13:26  Siege Tank  
  138  13:27  Hellbat x3  
  119  13:30  Siege Tank  
  119  13:31  Siege Tank  
  115  13:44  Hellion x3  
  115  13:55  Siege Tank  
  118  13:58  Siege Tank  
  123  14:02  Siege Tank  
  123  14:03  Siege Tank  
  123  14:05  Command Center  
  100  14:27  Siege Tank  
  99  14:31  Siege Tank  
  99  14:32  Hellion x2, Hellbat x3  
  99  14:33  Hellbat  
  99  14:35  Hellion, Siege Tank  
  113  14:38  Hellion x3  
  113  14:46  Command Center  
  113  14:49  Terran Vehicle Weapons Level 3  
  113  14:56  Siege Tank  
  113  14:59  Siege Tank  
  119  15:00  Sensor Tower  
  119  15:03  Hellbat x2  
  119  15:04  Hellbat x5  
  129  15:23  Siege Tank  
  129  15:25  Siege Tank  
  129  15:47  Command Center  
  129  15:57  Sensor Tower, SCV x3  
  132  16:04  Thor x4  
  132  16:10  Hellbat x4  
  132  16:11  Supply Depot  
  164  16:13  Supply Depot x2  
  164  16:37  Supply Depot  
  164  16:39  Supply Depot  
  162  16:47  Thor  
  166  17:11  Planetary Fortress  
  166  17:14  SCV x3  
  159  17:26  SCV  
  159  17:27  Terran Vehicle And Ship Armor Level 1, Thor x3  
  159  17:28  Hellbat x3  
  159  17:29  Hellbat  
  186  17:30  Thor  
  192  18:08  Hellbat x3  
  192  18:09  Hellbat  
  163  19:13  Siege Tank x2, Hellbat x5  
  167  19:27  Hellbat  
Tags
 
Add a new tag
Caveats
  • Supply blocks, unpowered buildings, or Contaminate may cause inaccurate times.
  • Supply counts are checked every 10 seconds.